Map: Lightshade LE

Players

BlyOnFire (Bly)

  • Race: Zerg Zerg
  • Spawn Location: 11:00

LiquidMaNa (MaNa) - Winner!

  • Race: Protoss Protoss
  • League: Grandmaster
  • Spawn Location: 5:00

Event: DreamHack SC2 Masters 2020 Winter

VOD

Have the link to the VOD?

Description

Time

  • Played on: Oct. 24, 2020, 12:08 p.m.
  • Length: 12:04

All games in this series

Show
View Real Time Build Order
Export as new Build Order

BlyOnFire Zerg 

Build Orders: Pool First 

Get SALT Encoding   

  12  0:00  Drone  
  13  0:09  Drone  
  14  0:25  Spawning Pool  
  13  0:31  Drone  
  14  0:38  Drone, Extractor  
  14  0:40  Extractor  
  13  0:44  Drone  
  16  1:06  Hatchery  
  15  1:13  Overlord  
  15  1:17  Extractor x2  
  13  1:20  Zergling x2  
  16  1:31  Zergling x4  
  18  1:47  Hatchery  
  18  1:52  Drone  
  18  1:59  Drone x2  
  20  2:08  Extractor  
  19  2:10  Queen  
  21  2:17  Overlord  
  22  2:38  Zergling x4  
  24  2:45  Hatchery  
  24  2:49  Queen  
  25  2:52  Drone x2  
  27  3:00  Queen  
  27  3:03  Drone  
  29  3:09  Zergling x2  
  30  3:14  Zergling x2  
  30  3:19  Metabolic Boost  
  31  3:31  Drone x4  
  34  3:43  Drone x2  
  35  3:50  Drone  
  36  4:00  Zergling x12  
  36  4:02  Overlord  
  41  4:16  Zergling x2  
  42  4:20  Zergling x4  
  42  4:21  Queen  
  46  4:24  Drone x3  
  46  4:29  Zergling x2  
  49  4:40  Overlord x2  
  49  4:42  Overlord  
  49  4:44  Overlord  
  47  4:51  Zergling x2  
  47  4:52  Zergling x2  
  49  4:53  Drone  
  49  4:55  Overlord  
  50  5:02  Drone x5  
  50  5:06  Spore Crawler  
  51  5:17  Drone x3  
  51  5:19  Lair  
  50  5:24  Drone x2  
  50  5:26  Spore Crawler  
  48  5:31  Drone x4  
  52  5:41  Extractor  
  52  5:42  Roach Warren  
  49  5:43  Extractor  
  49  5:48  Zergling x2  
  49  5:49  Zergling x2  
  50  5:52  Queen  
  50  5:56  Zergling x6  
  55  6:12  Drone x4  
  55  6:14  Extractor, Overlord  
  58  6:27  Roach x7  
  58  6:28  Overseer  
  71  6:36  Roach  
  69  6:42  Roach x5  
  72  6:51  Overlord  
  72  6:53  Roach x2  
  59  7:05  Zergling x6  
  59  7:07  Ravager  
  57  7:09  Ravager  
  57  7:10  Zergling x2  
  57  7:11  Ravager  
  48  7:25  Roach x2  
  48  7:37  Roach x2  
  42  7:47  Roach  
Show
View Real Time Build Order
Export as new Build Order

LiquidMaNa Protoss - Winner!

Build Orders: Zealot Archon, Dark Templar Rush 

Get SALT Encoding   

  12  0:00  Probe  
  13  0:12  Probe  
  14  0:20  Pylon  
  14  0:24  Probe  
  15  0:38  Probe (Chrono Boost)  
  16  0:45  Gateway  
  16  0:47  Probe (Chrono Boost)  
  17  0:51  Assimilator  
  17  0:52  Probe  
  18  1:02  Pylon  
  18  1:04  Probe  
  19  1:14  Gateway  
  20  1:18  Probe  
  20  1:21  Pylon  
  20  1:31  Cybernetics Core  
  20  1:35  Zealot (Chrono Boost)  
  22  1:41  Probe  
  23  1:53  Probe  
  24  1:56  Zealot (Chrono Boost)  
  27  2:10  Warp Gate  
  27  2:15  Adept (Chrono Boost)  
  27  2:18  Adept (Chrono Boost)  
  29  2:33  Nexus  
  29  2:40  Probe  
  29  2:41  Assimilator  
  30  2:52  Probe  
  30  2:53  Pylon  
  31  3:11  Adept, Probe  
  34  3:15  Twilight Council  
  34  3:23  Probe  
  35  3:35  Probe  
  36  3:42  Robotics Facility  
  36  3:45  Probe  
  36  3:47  Probe  
  38  3:54  Dark Shrine  
  38  3:57  Probe  
  38  3:59  Probe  
  40  4:09  Shield Battery, Probe  
  41  4:11  Probe  
  42  4:18  Adept x2  
  42  4:20  Shield Battery  
  42  4:24  Shield Battery  
  48  4:29  Immortal (Chrono Boost)  
  46  4:35  Pylon  
  50  4:45  Probe x2  
  50  4:46  Adept  
  48  4:58  Gateway  
  48  5:07  Dark Templar  
  48  5:09  Zealot  
  48  5:11  Probe x2  
  48  5:13  Warp Prism (Chrono Boost)  
  56  5:23  Probe  
  56  5:25  Probe  
  58  5:28  Gateway  
  58  5:35  Probe  
  59  5:37  Assimilator, Probe  
  59  5:39  Pylon  
  60  5:47  Probe  
  62  5:55  Pylon  
  62  5:56  Pylon  
  62  5:57  Assimilator  
  62  5:59  Dark Templar  
  62  6:01  Dark Templar  
  62  6:02  Dark Templar  
  67  6:05  Probe  
  68  6:13  Probe  
  68  6:17  Probe  
  70  6:18  Charge  
  70  6:36  Zealot x2  
  70  6:37  Zealot x2  
  76  6:45  Probe  
  73  6:47  Probe  
  70  6:55  Immortal  
  70  6:57  Probe  
  70  6:59  Stalker x4  
  77  7:04  Probe  
  74  7:24  Nexus  
  74  7:26  Dark Templar  
  74  7:27  Dark Templar, Zealot x2  
  82  7:34  Probe  
  79  7:49  Archon  
  79  7:50  Zealot x2, Probe x2  
Tags
 
Add a new tag
Caveats
  • Supply blocks, unpowered buildings, or Contaminate may cause inaccurate times.
  • Supply counts are checked every 10 seconds.